Map: Lightshade LE

Players

Pororoca - Winner!

  • Race: Zerg Zerg
  • League: Master
  • Spawn Location: 11:00

demuLarva

  • Race: Terran Terran
  • League: Grandmaster
  • Spawn Location: 5:00

VOD

Have the link to the VOD?

Description

Time

  • Played on: Nov. 2, 2020, 4:13 a.m.
  • Length: 14:33
Show
View Real Time Build Order
Export as new Build Order

Pororoca Zerg - Winner!

Build Orders: Hatch First, Lurkers, Muta Ling Bane 

Get SALT Encoding   

  12  0:00  Drone  
  13  0:08  Drone  
  14  0:15  Drone, Extractor  
  15  0:37  Hatchery  
  15  0:41  Extractor  
  15  0:42  Drone  
  14  0:48  Overlord  
  15  1:03  Spawning Pool  
  14  1:07  Drone  
  14  1:10  Drone  
  16  1:13  Drone  
  16  1:18  Drone  
  18  1:29  Drone  
  19  1:40  Drone  
  20  1:51  Queen x2  
  20  1:52  Zergling x2  
  25  1:55  Drone, Extractor  
  25  1:59  Drone  
  26  2:01  Overlord  
  26  2:12  Drone x2  
  28  2:21  Drone  
  29  2:25  Drone  
  30  2:30  Queen  
  30  2:34  Overlord  
  32  2:37  Drone  
  32  2:44  Drone x2  
  35  2:54  Drone  
  35  2:55  Drone  
  36  3:03  Drone x6  
  42  3:07  Drone  
  42  3:11  Overlord  
  43  3:17  Hatchery  
  42  3:21  Roach Warren  
  42  3:24  Metabolic Boost  
  42  3:26  Queen  
  41  3:31  Drone x2  
  41  3:33  Zergling x2  
  46  3:34  Zergling x2  
  46  3:37  Drone  
  46  3:38  Drone  
  51  3:41  Drone x2  
  51  3:45  Extractor  
  51  3:46  Extractor  
  51  3:48  Extractor  
  48  3:49  Overlord  
  48  3:51  Drone x3  
  51  3:58  Overlord  
  51  4:09  Roach x4  
  59  4:11  Overlord  
  59  4:13  Overlord  
  59  4:18  Roach x2  
  59  4:20  Drone  
  59  4:22  Drone  
  65  4:27  Drone  
  65  4:29  Queen  
  68  4:31  Drone  
  68  4:32  Drone  
  70  4:42  Overlord  
  70  4:44  Drone x4  
  70  4:45  Drone  
  75  4:54  Zergling x8  
  75  4:56  Queen  
  81  5:03  Drone x2  
  81  5:06  Lair  
  83  5:12  Evolution Chamber  
  82  5:15  Evolution Chamber  
  82  5:20  Drone x7  
  85  5:29  Drone x4  
  89  5:35  Drone x2  
  89  5:39  Zerg Melee Weapons Level 1  
  89  5:41  Zerg Ground Armor Level 1  
  89  5:44  Overlord  
  89  5:46  Drone  
  89  5:47  Drone x3  
  93  5:54  Extractor x2  
  91  5:58  Overlord  
  91  5:59  Overlord  
  91  6:01  Hatchery  
  90  6:08  Spire, Drone x2  
  90  6:10  Baneling Nest  
  90  6:12  Overlord  
  90  6:18  Overlord  
  90  6:26  Drone x3  
  90  6:31  Drone  
  94  6:33  Spore Crawler, Hatchery  
  94  6:34  Zergling x12  
  94  6:36  Ravager x6  
  104  6:43  Overlord  
  104  6:45  Zergling x12  
  110  6:55  Overlord  
  110  7:03  Centrifical Hooks  
  110  7:06  Zergling x16  
  118  7:19  Overlord  
  118  7:23  Mutalisk x5  
  127  7:30  Mutalisk x4  
  127  7:35  Baneling x8  
  127  7:36  Mutalisk x3  
  141  7:43  Drone x7  
  146  8:02  Drone x8  
  154  8:10  Mutalisk  
  154  8:11  Mutalisk x5  
  163  8:18  Queen  
  165  8:22  Overlord x2  
  165  8:31  Zerg Melee Weapons Level 2  
  165  8:33  Zerg Ground Armor Level 2  
  165  8:34  Queen, Extractor  
  165  8:35  Overlord  
  165  8:37  Extractor  
  165  8:42  Overlord  
  165  8:44  Hatchery  
  165  8:47  Zerg Flyer Weapons Level 1  
  164  8:49  Overseer  
  164  8:51  Overseer  
  164  8:52  Zergling x28  
  178  9:02  Baneling x8  
  178  9:09  Zergling x28  
  188  9:13  Infestation Pit  
  187  9:20  Overlord  
  187  9:48  Zergling x26  
  187  9:50  Overlord  
  200  9:58  Hive  
  200  10:01  Hydralisk Den  
  199  10:09  Spore Crawler, Spine Crawler  
  199  10:11  Spore Crawler, Spine Crawler  
  199  10:12  Spine Crawler  
  194  10:15  Drone x6  
  197  10:33  Pneumatized Carapace  
  196  10:40  Lurker Den  
  195  10:43  Drone  
  195  10:44  Drone x2  
  195  10:47  Zerg Missile Weapons Level 1  
  195  10:49  Drone x3  
  197  10:50  Spore Crawler  
  197  10:51  Spine Crawler  
  197  10:52  Spine Crawler  
  191  11:12  Extractor x2  
  191  11:13  Adrenal Glands  
  191  11:16  Zergling x2  
  191  11:17  Zergling x20  
  200  11:22  Hatchery  
  199  11:30  Baneling x21  
  199  11:37  Adaptive Talons  
  177  11:59  Hydralisk  
  177  12:00  Hydralisk x12  
  197  12:03  Zergling x6  
  198  12:12  Baneling x22  
  187  12:28  Lurker x10  
  172  12:30  Zergling x32  
  172  12:31  Zergling x30  
  172  12:34  Seismic Spines  
  192  12:40  Zergling x30  
  197  12:44  Lurker x3  
  191  12:58  Zergling x22  
  186  13:18  Drone x13  
  190  13:32  Mutalisk  
  190  13:33  Mutalisk x6  
  199  13:35  Overseer  
  199  13:36  Overseer  
  199  13:44  Baneling x14  
  199  14:09  Zergling x2  
  172  14:10  Zergling x44  
Show
View Real Time Build Order
Export as new Build Order

demuLarva Terran 

Build Orders: Reaper Expand, Hellion Banshee 

Get SALT Encoding   

  12  0:00  SCV  
  13  0:12  SCV  
  14  0:21  Supply Depot  
  14  0:24  SCV  
  15  0:43  SCV  
  15  0:45  Barracks  
  15  0:48  Refinery  
  16  0:55  SCV  
  17  1:07  SCV  
  18  1:19  SCV  
  19  1:34  Reaper, Orbital Command  
  19  1:39  Command Center  
  20  1:56  Supply Depot  
  20  2:00  SCV  
  21  2:08  Marine  
  22  2:12  SCV  
  22  2:15  Factory  
  23  2:24  SCV  
  23  2:29  Barracks Reactor  
  24  2:36  SCV  
  25  2:45  Command Center  
  25  2:48  SCV  
  25  3:00  SCV  
  25  3:01  Bunker  
  26  3:07  Starport  
  26  3:12  SCV  
  28  3:15  Orbital Command  
  28  3:17  Hellion  
  29  3:22  Hellion  
  29  3:25  SCV  
  32  3:38  SCV  
  32  3:40  Barracks Tech Lab  
  33  3:44  Hellion x2  
  33  3:45  SCV  
  38  3:50  SCV  
  39  3:56  Refinery  
  39  3:58  Orbital Command  
  39  4:01  SCV  
  39  4:02  SCV  
  41  4:04  Banshee  
  44  4:11  Hellion  
  44  4:12  Hellion  
  44  4:13  SCV  
  44  4:14  SCV  
  50  4:25  SCV  
  50  4:26  SCV  
  52  4:40  SCV x2  
  52  4:42  Barracks Tech Lab  
  54  4:47  SCV  
  54  4:52  SCV  
  56  4:55  Starport Reactor, SCV  
  56  4:56  Refinery  
  56  4:57  Refinery  
  56  4:58  Supply Depot  
  56  4:59  Barracks x2, SCV, Supply Depot  
  58  5:00  Engineering Bay  
  58  5:02  Engineering Bay  
  58  5:03  Marine  
  58  5:04  SCV, Stimpack  
  60  5:07  SCV  
  61  5:16  Supply Depot  
  61  5:19  Siege Tank, SCV x2  
  61  5:20  SCV  
  61  5:32  SCV x3  
  61  5:34  Marine  
  61  5:35  Supply Depot  
  62  5:36  Terran Infantry Weapons Level 1  
  62  5:38  Terran Infantry Armor Level 1  
  62  5:44  SCV x2  
  62  5:45  Orbital Command  
  64  5:50  Marine x2  
  64  5:52  Marine  
  64  5:53  Starport Reactor  
  64  5:54  Marine x2  
  64  5:56  SCV  
  64  5:57  SCV  
  71  6:06  Supply Depot  
  71  6:07  Marine  
  71  6:08  SCV, Marine  
  71  6:09  SCV  
  71  6:10  SCV, Marine  
  77  6:11  Barracks  
  77  6:12  Barracks, Marine  
  77  6:14  Bunker  
  77  6:17  Marine, Supply Depot  
  79  6:20  SCV  
  79  6:21  SCV, Supply Depot  
  79  6:22  SCV  
  79  6:25  Marine x2  
  82  6:27  Siege Tank  
  82  6:28  Marine  
  82  6:30  Marine  
  82  6:32  SCV  
  90  6:33  SCV  
  90  6:34  Armory, SCV  
  90  6:37  Supply Depot  
  90  6:38  Marine, Supply Depot  
  93  6:40  Medivac  
  93  6:41  Medivac  
  93  6:43  Combat Shield  
  93  6:44  SCV  
  93  6:45  SCV  
  93  6:46  Marine  
  93  6:47  SCV  
  101  6:48  Refinery  
  101  6:49  Marine  
  101  6:50  Marine  
  103  6:54  Marine  
  103  6:56  SCV  
  103  6:59  Siege Tank  
  103  7:00  Marine  
  110  7:05  Marine  
  110  7:08  Barracks Reactor x2, Supply Depot x2  
  110  7:09  SCV x2  
  110  7:11  Medivac  
  110  7:12  Medivac  
  110  7:13  Marine  
  110  7:15  SCV  
  118  7:17  Marine  
  118  7:18  Marine  
  118  7:22  Marine  
  120  7:24  Marine  
  120  7:25  Factory  
  120  7:28  Terran Vehicle And Ship Armor Level 1  
  116  7:31  Marine  
  116  7:35  Marine x2, Supply Depot  
  118  7:37  Supply Depot  
  118  7:39  Siege Tank  
  118  7:40  Marine, Command Center  
  118  7:42  Marine  
  123  7:44  Marine  
  123  7:47  SCV x2  
  123  7:50  Marine  
  123  7:51  Terran Infantry Weapons Level 2  
  125  7:59  Terran Infantry Armor Level 2, Marine x2  
  127  8:10  Marine x2  
  127  8:11  Marine  
  120  8:14  Marine x3  
  120  8:16  Marine  
  124  8:29  Factory Reactor  
  124  8:31  Barracks  
  124  8:32  SCV  
  124  8:33  Barracks  
  124  8:34  Barracks, Missile Turret, Marine x3  
  125  8:35  Orbital Command  
  125  8:36  Missile Turret  
  125  8:37  Medivac x2, Missile Turret  
  125  8:39  Orbital Command  
  125  8:40  Orbital Command  
  125  8:41  Refinery  
  132  8:43  Drilling Claws  
  132  8:45  Thor  
  132  8:48  Marine x3  
  138  8:51  Missile Turret  
  141  8:58  Marine  
  141  8:59  Marine, Marauder  
  144  9:10  SCV  
  144  9:11  SCV  
  144  9:13  Marine x2  
  144  9:14  SCV  
  149  9:22  Planetary Fortress, Marine  
  149  9:23  SCV x2, Marauder  
  154  9:27  SCV  
  154  9:30  Thor  
  154  9:31  Barracks Tech Lab x2  
  165  9:35  SCV x2  
  165  9:37  Marine x3  
  165  9:38  Barracks Tech Lab x3  
  170  9:44  Factory Reactor  
  170  9:45  Barracks Tech Lab x3  
  166  9:48  Barracks Tech Lab  
  166  9:49  Marine x2  
  166  9:50  Marine  
  166  9:51  Marine x2  
  170  9:53  Missile Turret  
  170  9:54  Missile Turret  
  170  9:57  Missile Turret  
  170  10:02  Command Center  
  170  10:07  Missile Turret  
  170  10:10  Missile Turret x2, Marine  
  170  10:11  Missile Turret, Marine, Marauder  
  174  10:16  Smart Servos  
  174  10:17  Thor  
  180  10:29  Concussive Shells  
  180  10:35  Sensor Tower  
  180  10:40  Refinery, Marine, Marauder  
  180  10:42  Refinery  
  183  10:45  Marine, Command Center  
  183  10:46  Marauder  
  186  10:55  Marine, Marauder  
  186  10:56  Missile Turret  
  187  11:00  Marauder  
  188  11:08  Terran Infantry Armor Level 3, Terran Infantry Weapons Level 3  
  188  11:09  Supply Depot  
  188  11:11  Marine x2, Marauder  
  192  11:17  Command Center  
  192  11:18  Orbital Command  
  192  11:23  Missile Turret  
  192  11:24  Missile Turret  
  192  11:26  Marine  
  192  11:27  Marauder  
  192  11:31  Widow Mine x2, Terran Vehicle And Ship Armor Level 2  
  187  11:53  Marine x2  
  187  11:54  Marine x2, Marauder  
  187  12:02  Bunker  
  187  12:03  Marine x2  
  187  12:04  Marine, Marauder x3  
  196  12:08  Missile Turret  
  196  12:09  Missile Turret  
  196  12:11  Missile Turret  
  196  12:12  Marine  
  196  12:13  Marine  
  196  12:15  Marauder  
  199  12:24  Marine x2  
  199  12:25  Marine, Marauder x2  
  199  12:26  Marine x3, Marauder  
  199  12:27  Widow Mine x3  
  194  12:30  Marine  
  186  12:38  Marine  
  186  12:39  Medivac, Marauder  
  186  12:40  Medivac  
  186  12:42  Marine x2  
  186  12:43  Marine  
  186  12:44  Marine x3  
  188  12:46  Marine x2  
  188  12:47  Marine  
  188  12:48  Widow Mine, Marine  
  188  12:49  Widow Mine  
  192  12:56  Marine  
  170  13:00  Marine x2, Marauder  
  170  13:01  Marine  
  170  13:03  SCV x2  
  170  13:04  Marauder  
  153  13:06  Orbital Command  
  153  13:08  Marine  
  153  13:10  Siege Tank  
  145  13:13  Medivac x2  
  145  13:17  Marine x2  
  145  13:19  Marine  
  152  13:22  Marine x2  
  154  13:27  Marine x2  
  151  13:34  Widow Mine x2  
  151  13:38  Marine x3  
  151  13:41  Marine, Marauder  
  161  13:44  Marine  
  162  13:58  Marine, Marauder x2  
  167  14:09  Marine x7, Marauder  
  154  14:10  Marauder  
  154  14:11  Widow Mine x2  
Tags
 
Add a new tag
Caveats
  • Supply blocks, unpowered buildings, or Contaminate may cause inaccurate times.
  • Supply counts are checked every 10 seconds.